 Dungeon Crawl Stone Soup version 0.31-a0-1540-g5a0b83f448 (webtiles) character file.

Game seed: 6864038329513688273

25 AlmostDecent the Chiller (level 2, 0/19 HPs)
             Began as a Demonspawn Ice Elementalist on Jan 1, 2024.
             Slain by an adder (2 damage)
             ... on level 2 of the Dungeon.
             The game lasted 00:04:27 (1320 turns).

AlmostDecent the Chiller (DsIE)                     Turns: 1320, Time: 00:04:28

Health: 0/19       AC:  5    Str:  8    XL:     2   Next: 86%
Magic:  5/5        EV: 12    Int: 15    God:
Gold:   55         SH:  0    Dex: 13    Spells: 4/5 levels left

rFire   + . .        c - +0 long sword
rCold   + . .        (no shield)
rNeg    . . .        a - +0 robe
rPois   +            d - +2 helmet
rElec   +            (no cloak)
rCorr   +            (no gloves)
SInv    .            (no boots)
Will    .....        (no amulet)
Stlth   ++           (no ring)
HPRegen 0.23/turn    (no ring)
MPRegen 0.18/turn

%: no passive effects
@: lethally poisoned (0 -> -1), resistant, attractive
A: magic regeneration
a: no special abilities


You were on level 2 of the Dungeon.
You visited 1 branch of the dungeon, and saw 2 of its levels.

You collected 55 gold pieces.

Inventory:

Hand Weapons
 c - a +0 long sword (weapon)
Armour
 a - a +0 robe (worn)
 d - a +2 helmet (worn)
Scrolls
 f - a scroll of fear {unknown}
 h - a scroll of teleportation {unknown}
 i - a scroll of amnesia {unknown}
 j - a scroll of noise {unknown}
Potions
 b - a potion of magic


   Skills:
 + Level 1.8 Dodging
 + Level 1.9 Stealth
 * Level 2.1 Spellcasting
 * Level 4.2 Ice Magic


You had 4 spell levels left.
You knew the following spells:

 Your Spells              Type           Power      Damage    Failure   Level
a - Freeze                Ice            56%        1d7       3%          1

Your spell library contained the following spells:

 Spells                   Type           Power      Damage    Failure   Level
 Frozen Ramparts          Ice            28%        1d5       11%         3
 Ozocubu's Armour         Ice            14%        N/A       11%         3
 Summon Ice Beast         Ice/Summ       8%         N/A       26%         3


Dungeon Overview and Level Annotations

Branches:
Dungeon (2/15)

Altars:


Innate Abilities, Weirdness & Mutations

You regenerate magic rapidly.


Message History

You now have 44 gold pieces (gained 15).
Found a helmet.
No target in view!
You now have 55 gold pieces (gained 11).
Found a stone staircase leading down.
A goblin comes into view. It is wielding a +0 dagger.
Found a whip.
The goblin shouts!
An adder comes into view.
The goblin unwields a +0 dagger.
The goblin wields a +0 sling.
The goblin shoots a sling bullet.
The sling bullet hits you.
The goblin shoots a sling bullet.
The sling bullet closely misses you.
The goblin shoots a sling bullet.
The sling bullet hits you. The adder barely misses you. The adder bites you.
You are poisoned.
The adder poisons you!
You freeze the adder.
The adder is lightly wounded.
The adder seems to slow down.
You feel sick.
The goblin unwields a +0 sling.
The goblin wields a +0 dagger.
The goblin hits you but does no damage.
You are too injured to fight recklessly!
It was a potion of attraction.
You feel attractive to monsters.
You feel sick. The adder closely misses you.
The goblin hits you but does no damage.
It was a potion of resistance.
You feel protected.
You feel sick. The adder bites you but does no damage.
The goblin closely misses you.
You hit the adder but do no damage.
The adder is lightly wounded.
You feel sick.
The adder is no longer moving slowly.
The adder bites you.
* * * LOW HITPOINT WARNING * * *
The goblin hits you with a +0 dagger.
* * * LOW HITPOINT WARNING * * *
You hit the adder.
The adder is lightly wounded.
* * * LOW HITPOINT WARNING * * *
You feel sick. The adder bites you.
You die...

#......# #.....[#
#......# #......#
#......#
###.##### ###...#
####...#########
).........@S....#
......##...g.##.#
>...............#
########.....####
#.....# #.....#
#.....# #######


You could see an adder and a goblin.

Vanquished Creatures
  A dart slug (D:1)
  2 bats
  2 endoplasms
  3 giant cockroaches (D:1)
  2 goblins (D:1)
  4 hobgoblins (D:1)
  A ball python (D:2)
  2 frilled lizards (D:1)
  2 kobolds (D:1)
  3 rats
22 creatures vanquished.

Notes
Turn   | Place    | Note
-------+----------+-------------------------------------------
     0 | D:1      | AlmostDecent the Demonspawn Ice Elementalist began the
                  | quest for the Orb.
     0 | D:1      | Reached XP level 1. HP: 13/13 MP: 3/3
   318 | D:1      | Gained mutation: You regenerate magic rapidly. [demonic
                  | ancestry]
   318 | D:1      | Reached XP level 2. HP: 19/19 MP: 1/5
   383 | D:1      | Reached skill level 4 in Ice Magic
  1320 | D:2      | Slain by an adder

Illustrated notes

Levels and vault maps discovered:
D:1:      heliophobic_arrival_ceremonial_halls, layout_basic
D:2:      layout_basic, nicolae_figureground_sparkle

Skill      XL: |  1  2 |
---------------+-------+-----
Ice Magic      | 4 |  4.2
Dodging        | |  1.8
Stealth        | |  1.9
Spellcasting   | |  2.1

Action                     || total
---------------------------++-------
  Melee: Long sword        ||     6
   Cast: Freeze            ||    31
    Use: Potion            ||     2
 Armour: Robe              ||    21
  Dodge: Dodged            ||    18

Table legend: (Time is in decaauts)
 A = Elapsed time spent in this place.
 B = Non-inter-level travel time spent in this place.
 C = Inter-level travel time spent in this place.
 D = Time resting spent in this place.
 E = Time spent auto-exploring this place.
 F = Levels seen in this place.
 G = Mean time per level.
                   A        B        C        D        E       F      G
               +--------+--------+--------+--------+--------+-----+--------+
         Total |   1321 |   1280 |     41 |      0 |   1110 |   2 |  660.5 |
       Dungeon |   1321 |   1280 |     41 |      0 |   1110 |   2 |  660.5 |
               +--------+--------+--------+--------+--------+-----+--------+

Top non-repeatable levels by time:
     D:1: 1188 daAuts
     D:2: 132 daAuts
